 Dungeon Crawl Stone Soup version 0.27-a0-1590-g15f69828bf (webtiles) character file.

Game seed: 10180969239768417967

414 MovingMist the Skirmisher (level 6, -6/39 HPs)
             Began as a Gargoyle Fighter on July 18, 2021.
             Was an Initiate of Okawaru.
             Mangled by an ogre (7 damage)
             ... on level 5 of the Dungeon.
             The game lasted 00:05:34 (3807 turns).

MovingMist the Skirmisher (Gargoyle Fighter)        Turns: 3807, Time: 00:05:35

Health: -6/39      AC: 16    Str: 20      XL:     6   Next: 91%
Magic:  6/6        EV:  6    Int:  4 (6)  God:    Okawaru [......]
Gold:   128        SH:  9    Dex:  8 (11) Spells: 5/5 levels left

rFire    . . .     SeeInvis .   k - +1 whip (venom)
rCold    + . .     Faith    .   c - +0 kite shield
rNeg     + . .     Spirit   .   s - +0 chain mail
rPois    ∞         Reflect  .   (no helmet)
rElec    +         Harm     .   b - +0 cloak
rCorr    .         Rampage  .   q - +0 pair of gloves
Will     .....                  (no boots)
Stlth    ..........             (no amulet)
HPRegen  0.13/turn              (no ring)
MPRegen  0.10/turn              (no ring)

@: no status effects
A: sickness immunity, AC +4, negative energy resistance 1, electricity
resistance, torment resistance 1, petrification resistance, cold resistance 1,
dopey 1
a: Renounce Religion


You were on level 5 of the Dungeon.
You worshipped Okawaru.
Okawaru was noncommittal.
You visited 1 branch of the dungeon, and saw 5 of its levels.

You collected 128 gold pieces.

Inventory:

Hand Weapons
 k - a +1 whip of venom (weapon)
Armour
 b - a +0 cloak (worn)
 c - a +0 kite shield (worn)
 q - a +0 pair of gloves (worn)
 s - a +0 chain mail (worn)
Jewellery
 i - an amulet of faith
Scrolls
 a - a scroll of immolation
 e - 2 scrolls of brand weapon
 f - a scroll of blinking
 g - a scroll of enchant armour {unknown}
 m - 2 scrolls of magic mapping {unknown}
 p - 2 scrolls of noise {unknown}
 r - a scroll of torment {unknown}
 t - 2 scrolls of enchant weapon {unknown}
 v - a scroll of amnesia {unknown}
Potions
 d - 2 potions of might
 n - 2 potions of ambrosia
 u - a potion of cancellation


   Skills:
 + Level 4.7 Fighting
 + Level 3.5 Maces & Flails
 + Level 4.7 Armour
 * Level 3.3 Dodging
 - Level 3.2 Shields


You had 5 spell levels left.
You didn't know any spells.
Your spell library contained the following spells:

 Spells                   Type           Power      Damage    Failure   Level
 Shock                    Conj/Air       0%         1d3       100%        1
 Irradiate                Conj/Tmut      0%         3d13      100%        5
 Lightning Bolt           Conj/Air       0%         1d11      100%        5


Dungeon Overview and Level Annotations

Branches:
Dungeon (5/15)             Temple (0/1) D:5

Altars:
Fedhas
Okawaru


Innate Abilities, Weirdness & Mutations

You are immune to sickness and miasma.
Your stone body is resilient. (AC +4)
You are immune to poison.
You resist negative energy. (rN+)
You are resistant to electric shocks. (rElec)
You are resistant to unholy torment.
You are immune to petrification.
Your flesh is cold resistant. (rC+)
You are dopey. (Int -2)


Message History

A howler monkey comes into view.
The howler monkey howls!
You hear a shout!
The howler monkey hoots and howls with incredible vigour!
You hear an angry hiss. x2; You hear a howl!
You block the howler monkey's attack.
You hit the howler monkey.
The howler monkey is poisoned.
The howler monkey is lightly wounded.
You block the howler monkey's attack.
You hit the howler monkey but do no damage.
The howler monkey looks as sick as possible!
The howler monkey is moderately wounded.
An ogre comes into view. It is wielding a +0 giant club.
You block the howler monkey's attack.
You barely miss the howler monkey.
The howler monkey is moderately wounded.
The howler monkey hits you. You block the howler monkey's attack.
You hit the howler monkey.
The howler monkey looks as sick as possible!
The howler monkey is almost dead.
You kill the howler monkey!
Okawaru accepts your kill.
You hit the ogre.
The ogre is poisoned.
The ogre is lightly wounded.
The ogre hits you with a +0 giant club!!
You hit the ogre.
The ogre looks as sick as possible!
The ogre is lightly wounded.
The ogre hits you with a +0 giant club!
* * * LOW HITPOINT WARNING * * *
You barely miss the ogre.
The ogre is heavily wounded.
The ogre hits you with a +0 giant club.
* * * LOW HITPOINT WARNING * * *
You barely miss the ogre.
The ogre is heavily wounded.
The ogre barely misses you.
You hit the ogre.
The ogre is severely wounded.
An ufetubus comes into view.
The ogre hits you with a +0 giant club!
You die...

.. .## ...
..# #.# #.#
##O##5#
##.@†..#
##..#####
#...#
###...#
###.###'###
#<..#.....#
#.#.#.⌠.⌠.#
#...'..>..+
#..##.⌠.⌠.#


You could see an ogre (extremely poisoned) and an ufetubus (wandering).

Vanquished Creatures
  Purgy (D:4)
  An orc warrior (D:4)
  A howler monkey (D:5)
  Jessica (D:2)
  3 orc wizards
  An adder (D:4)
  A shadow imp (D:4)
  An ufetubus (D:4)
  A worm (D:2)
  2 dart slugs
  5 orcs
  7 ball pythons
  5 endoplasms
  A giant cockroach (D:3)
  6 goblins
  4 hobgoblins
  3 jackals (D:2)
  4 kobolds
  3 bats
  5 frilled lizards
  7 rats
63 creatures vanquished.

Notes
Turn   | Place    | Note
-------+----------+-------------------------------------------
     0 | D:1      | MovingMist the Gargoyle Fighter began the quest for the
                  | Orb.
     0 | D:1      | Reached XP level 1. HP: 14/14 MP: 1/1
   268 | D:1      | Reached XP level 2. HP: 19/19 MP: 2/2
   711 | D:1      | Found a faded altar of an unknown god.
  1018 | D:2      | Reached skill level 1 in Dodging
  1114 | D:2      | Reached XP level 3. HP: 18/23 MP: 3/3
  1358 | D:2      | Noticed Jessica
  1364 | D:2      | Killed Jessica
  1365 | D:2      | Reached XP level 4. HP: 23/29 MP: 4/4
  1382 | D:2      | Got Noetoj's Volume of Conjuration
  1640 | D:2      | Found an iron altar of Okawaru.
  1648 | D:2      | Became a worshipper of Warmaster Okawaru
  2482 | D:4      | Noticed an orc warrior
  2682 | D:4      | Found a blossoming altar of Fedhas.
  2697 | D:4      | Reached XP level 5. HP: 33/33 MP: 5/5
  2725 | D:4      | Noticed Purgy
  2732 | D:4      | Killed Purgy
  3037 | D:4      | Reached XP level 6. HP: 27/39 MP: 6/6
  3049 | D:4      | Killed an orc warrior
  3308 | D:4      | Gained mutation: You are dopey. (Int -2) [potion of
                  | mutation]
  3308 | D:4      | Gained mutation: Your flesh is cold resistant. (rC+)
                  | [potion of mutation]
  3783 | D:5      | Entered Level 5 of the Dungeon
  3787 | D:5      | Found a staircase to the Ecumenical Temple.
  3805 | D:5      | HP: 1/39 [ogre (4)]
  3807 | D:5      | Mangled by an ogre

Illustrated notes

Levels and vault maps discovered:
D:1:      kennysheep_arrival_forest, layout_rooms,
          dreamdust_ecumenical_altar_hidden_monk_grotto, dk_noncrumbling_2
D:2:      layout_rooms, basic_altar, chequers_serial_rivers_large_a,
          minmay_statues_item, minmay_pentomino_s4, uniq_jessica
D:3:      layout_loops_ring, minmay_misc_feat_alley
D:4:      layout_loops_ring, fedhas_altar_fruit_tree, uniq_purgy
D:5:      layout_rooms, nicolae_ru_sacrificial_ziggurat,
          minmay_temple_entry_hall

Skill      XL: |  1  2  3  4  5  6 |
---------------+-------------------+-----
Dodging        | 1 2 3 |  3.3
Fighting       | 4 |  4.7
Armour         | 4 |  4.7
Maces & Flails | 3 |  3.5
Shields        | |  3.2

Action                   |  1- 3 |  4- 6 || total
-------------------------+-------+-------++-------
Melee: Flail             |    24 |       ||    24
       Whip              |    64 |   141 ||   205
  Use: Scroll            |       |     6 ||     6
       Potion            |       |     3 ||     3
Armor: Scale mail        |    31 |       ||    31
       Chain mail        |       |    94 ||    94
Dodge: Dodged            |    22 |    29 ||    51
Block: Kite shield       |    53 |    56 ||   109

Table legend: (Time is in decaauts)
 A = Elapsed time spent in this place.
 B = Non-inter-level travel time spent in this place.
 C = Inter-level travel time spent in this place.
 D = Time resting spent in this place.
 E = Time spent auto-exploring this place.
 F = Levels seen in this place.
 G = Mean time per level.
                   A        B        C        D        E       F      G
               +--------+--------+--------+--------+--------+-----+--------+
         Total |   3855 |   3675 |    180 |    564 |   2506 |   5 |  771.0 |
       Dungeon |   3855 |   3675 |    180 |    564 |   2506 |   5 |  771.0 |
               +--------+--------+--------+--------+--------+-----+--------+

Top non-repeatable levels by time:
     D:4: 1145 daAuts
     D:1: 1020 daAuts
     D:2: 858 daAuts
     D:3: 807 daAuts
     D:5: 25 daAuts
